IL
PAWTUCKET RED SOX @ SALT LAKE BEES
06/10/2047
 
TOP OF THE 1ST
Pawtucket Red Sox batting - Pitching for Salt Lake Bees : LHP Trevor Sharp
Pitching: LHP Trevor Sharp
Batting: RHB John Chiesa 0-0: Ground out 6-3 (Groundball, 6, EV 102.5 MPH)
Batting: RHB Eric Garrett 0-0: Ball
1-0: Ball
2-0: Ground out 4-3 (Groundball, 4S, EV 84.4 MPH)
Batting: RHB Jose Diaz 0-0: Ground out 6-3 (Groundball, 6, EV 87.5 MPH)
Top of the 1st over - 0 runs, 0 hits, 0 errors, 0 left on base; Pawtucket 0 - Salt Lake 0
BOTTOM OF THE 1ST
Salt Lake Bees batting - Pitching for Pawtucket Red Sox : RHP Mike Schroeder
Pitching: RHP Mike Schroeder
Batting: SHB Butch Brown 0-0: Ball
1-0: Ground out 4-3 (Groundball, 4, EV 86.2 MPH)
Batting: LHB Jack Bell 0-0: SINGLE (Groundball, 3D, EV 96.9 MPH)
Batting: SHB Mario Padron 0-0: Ball
1-0: Called Strike
1-1: Called Strike
1-2: Ball
2-2: Fielders Choice at 2nd, 3-6 (Groundball, 3, EV 85.0 MPH)
Batting: RHB Jeff Long 0-0: Called Strike
Mario Padron is caught stealing 2nd base 2-4
Bottom of the 1st over - 0 runs, 1 hit, 0 errors, 0 left on base; Pawtucket 0 - Salt Lake 0
TOP OF THE 2ND
Pawtucket Red Sox batting - Pitching for Salt Lake Bees : LHP Trevor Sharp
Batting: RHB Dave Nickerson 0-0: Ball
1-0: Fly out, F7 (Flyball, 7, EV 73.8 MPH)
Batting: SHB Greg Shaw 0-0: Called Strike
0-1: Foul Ball, location: 2F
0-2: Strikes out swinging
Batting: RHB Brandon Perris 0-0: Ball
1-0: Ball
2-0: Ball
3-0: Called Strike
3-1: Foul Ball, location: 2F
3-2: Base on Balls
Batting: RHB William Lung 0-0: Ball
1-0: Ball
2-0: Ball
3-0: Base on Balls
Brandon Perris to second
Batting: RHB David Norum 0-0: Foul Ball, location: 2F
0-1: Ball
1-1: Ball
2-1: Foul Ball, location: 2F
2-2: Foul Ball, location: 2F
2-2: Ball
3-2: Strikes out swinging
Top of the 2nd over - 0 runs, 0 hits, 0 errors, 2 left on base; Pawtucket 0 - Salt Lake 0
BOTTOM OF THE 2ND
Salt Lake Bees batting - Pitching for Pawtucket Red Sox : RHP Mike Schroeder
Batting: RHB Jeff Long 0-0: Ball
1-0: Swinging Strike
1-1: Called Strike
1-2: Ball
2-2: Ground out 5-3 (Groundball, 56, EV 106.9 MPH)
Batting: RHB Brandon Davis 0-0: Ball
1-0: Ball
2-0: Ball
3-0: Called Strike
3-1: Base on Balls
Batting: RHB Eric Davis 0-0: Ball
1-0: Grounds into double play, 1-6-3 (Groundball, 34S, EV 66.9 MPH)
Bottom of the 2nd over - 0 runs, 0 hits, 0 errors, 0 left on base; Pawtucket 0 - Salt Lake 0
TOP OF THE 3RD
Pawtucket Red Sox batting - Pitching for Salt Lake Bees : LHP Trevor Sharp
Batting: RHB Joe Evrard 0-0: Foul Ball, location: 2F
0-1: Swinging Strike
0-2: Foul Ball, location: 2F
0-2: Foul Ball, location: 2F
0-2: Strikes out swinging
Batting: RHB John Chiesa 0-0: Ball
1-0: SINGLE (Line Drive, 78S, EV 96.2 MPH)
Batting: RHB Eric Garrett 0-0: Ball
1-0: Ball
2-0: Ball
3-0: Called Strike
3-1: Fielders Choice at 2nd, 5-4 (Groundball, 56, EV 100.0 MPH)
Batting: RHB Jose Diaz 0-0: Called Strike
0-1: Swinging Strike
0-2: Foul Ball, location: 2F
0-2: Strikes out swinging
Top of the 3rd over - 0 runs, 1 hit, 0 errors, 1 left on base; Pawtucket 0 - Salt Lake 0
BOTTOM OF THE 3RD
Salt Lake Bees batting - Pitching for Pawtucket Red Sox : RHP Mike Schroeder
Batting: RHB Jonathan Ellis 0-0: Called Strike
0-1: Ball
1-1: Swinging Strike
1-2: Foul Ball, location: 2F
1-2: Strikes out looking
Batting: RHB Juan Rosa 0-0: Swinging Strike
0-1: Ball
1-1: Foul Ball, location: 2F
1-2: Foul Ball, location: 2F
1-2: Ball
2-2: Strikes out swinging
Batting: RHB Gary Horgan 0-0: Ball
1-0: Foul Ball, location: 2F
1-1: Fly out, F3 (Line Drive, 34D, EV 61.2 MPH)
Bottom of the 3rd over - 0 runs, 0 hits, 0 errors, 0 left on base; Pawtucket 0 - Salt Lake 0
TOP OF THE 4TH
Pawtucket Red Sox batting - Pitching for Salt Lake Bees : LHP Trevor Sharp
Batting: RHB Dave Nickerson 0-0: Ball
1-0: SINGLE (Line Drive, 7S, EV 98.1 MPH)
Batting: SHB Greg Shaw 0-0: Swinging Strike
0-1: Ball
Dave Nickerson steals 2nd base
1-1: Called Strike
1-2: Ball
2-2: Strikes out swinging
Batting: RHB Brandon Perris 0-0: Ball
1-0: Ball
2-0: Ball
3-0: Base on Balls
Batting: RHB William Lung 0-0: Ball
1-0: Called Strike
1-1: Called Strike
1-2: Strikes out swinging
Batting: RHB David Norum 0-0: Ball
1-0: Ground out 4-3 (Groundball, 4, EV 88.8 MPH)
Top of the 4th over - 0 runs, 1 hit, 0 errors, 2 left on base; Pawtucket 0 - Salt Lake 0
BOTTOM OF THE 4TH
Salt Lake Bees batting - Pitching for Pawtucket Red Sox : RHP Mike Schroeder
Batting: SHB Butch Brown 0-0: Ball
1-0: Ball
2-0: Called Strike
2-1: Ground out U3 (Groundball, 3L, EV 88.8 MPH)
Batting: LHB Jack Bell 0-0: Ball
1-0: Ball
2-0: Ball
3-0: Called Strike
3-1: Ground out 3-1 (Groundball, 34S, EV 87.5 MPH)
Batting: SHB Mario Padron 0-0: Swinging Strike
0-1: Foul Ball, location: 2F
0-2: SINGLE (Line Drive, 8RS, EV 96.2 MPH)
Batting: RHB Jeff Long 0-0: Ball
1-0: Foul Ball, location: 2F
1-1: Ball
2-1: Ball
3-1: Base on Balls
Mario Padron to second
Batting: RHB Brandon Davis 0-0: Called Strike
0-1: Fly out, F7 (Line Drive, 7LS, EV 101.2 MPH)
Bottom of the 4th over - 0 runs, 1 hit, 0 errors, 2 left on base; Pawtucket 0 - Salt Lake 0
TOP OF THE 5TH
Pawtucket Red Sox batting - Pitching for Salt Lake Bees : LHP Trevor Sharp
Batting: RHB Joe Evrard 0-0: Ball
1-0: Ball
2-0: Foul Ball, location: 2F
2-1: Ground out 5-3 (Groundball, 15, EV 82.5 MPH)
Batting: RHB John Chiesa 0-0: Ball
1-0: Ball
2-0: Foul Ball, location: 2F
2-1: Foul Ball, location: 2F
2-2: Ground out 5-3 (Groundball, 56, EV 99.4 MPH)
Batting: RHB Eric Garrett 0-0: Ball
1-0: Ball
2-0: Ball
3-0: Called Strike
3-1: Foul Ball, location: 2F
3-2: Strikes out looking
Top of the 5th over - 0 runs, 0 hits, 0 errors, 0 left on base; Pawtucket 0 - Salt Lake 0
BOTTOM OF THE 5TH
Salt Lake Bees batting - Pitching for Pawtucket Red Sox : RHP Mike Schroeder
Batting: RHB Eric Davis 0-0: Ball
1-0: Ball
2-0: Ground out 4-3 (Groundball, 13, EV 77.5 MPH)
Batting: RHB Jonathan Ellis 0-0: Called Strike
0-1: Foul Ball, location: 2F
0-2: Strikes out swinging
Batting: RHB Juan Rosa 0-0: Ball
1-0: Called Strike
1-1: Ball
2-1: Ground out 3-1 (Groundball, 34S, EV 77.5 MPH)
Bottom of the 5th over - 0 runs, 0 hits, 0 errors, 0 left on base; Pawtucket 0 - Salt Lake 0
TOP OF THE 6TH
Pawtucket Red Sox batting - Pitching for Salt Lake Bees : LHP Trevor Sharp
Batting: RHB Jose Diaz 0-0: Fly out, F8 (Flyball, 8LM, EV 83.8 MPH)
Batting: RHB Dave Nickerson 0-0: Ball
1-0: Swinging Strike
1-1: Ball
2-1: Ball
3-1: Base on Balls
Batting: SHB Greg Shaw 0-0: Foul Ball, location: 2F
0-1: Foul Ball, location: 2F
0-2: Strikes out swinging
Batting: RHB Brandon Perris 0-0: Ball
1-0: Called Strike
1-1: SINGLE (Groundball, 6MD, EV 97.5 MPH)
Dave Nickerson to second
Runner from 2nd tries for 3rd, OUT after rundown.
Top of the 6th over - 0 runs, 1 hit, 0 errors, 1 left on base; Pawtucket 0 - Salt Lake 0
BOTTOM OF THE 6TH
Salt Lake Bees batting - Pitching for Pawtucket Red Sox : RHP Mike Schroeder
Batting: RHB Gary Horgan 0-0: Ball
1-0: Ball
2-0: Called Strike
2-1: Swinging Strike
2-2: Ball
3-2: Ground out 4-3 (Groundball, 4, EV 90.6 MPH)
Batting: SHB Butch Brown 0-0: Called Strike
0-1: Foul Ball, location: 2F
0-2: Ball
1-2: Strikes out swinging
Batting: LHB Jack Bell 0-0: Ball
1-0: Called Strike
1-1: Fly out, F5 (Popup, 56, EV 71.9 MPH)
Bottom of the 6th over - 0 runs, 0 hits, 0 errors, 0 left on base; Pawtucket 0 - Salt Lake 0
TOP OF THE 7TH
Pawtucket Red Sox batting - Pitching for Salt Lake Bees : LHP Trevor Sharp
Batting: RHB William Lung 0-0: Called Strike
0-1: Swinging Strike
0-2: SINGLE (Groundball, 6MD, EV 96.9 MPH)
Batting: RHB David Norum 0-0: Sac Bunt to 2L - play at first, batter OUT! 2-3
William Lung to second
Batting: RHB Joe Evrard 0-0: Called Strike
0-1: Called Strike
0-2: Ground out 6-3 (Groundball, 56, EV 85.0 MPH)
Batting: RHB John Chiesa 0-0: Ball
1-0: Foul Ball, location: 2F
1-1: Ball
2-1: Called Strike
2-2: Ground out 5-3 (Groundball, 5, EV 89.4 MPH)
Top of the 7th over - 0 runs, 1 hit, 0 errors, 1 left on base; Pawtucket 0 - Salt Lake 0
BOTTOM OF THE 7TH
Salt Lake Bees batting - Pitching for Pawtucket Red Sox : RHP Mike Schroeder
Batting: SHB Mario Padron 0-0: Ground out U3 (Groundball, 3, EV 85.0 MPH)
Batting: RHB Jeff Long 0-0: Fly out, F9 (Line Drive, 9D, EV 98.8 MPH)
Batting: RHB Brandon Davis 0-0: Ball
1-0: Ground out 6-3 (Groundball, 56, EV 104.4 MPH)
Bottom of the 7th over - 0 runs, 0 hits, 0 errors, 0 left on base; Pawtucket 0 - Salt Lake 0
TOP OF THE 8TH
Pawtucket Red Sox batting - Pitching for Salt Lake Bees : LHP Trevor Sharp
Pitching: LHP Nick Yarbrough
Batting: RHB Eric Garrett 0-0: Called Strike
0-1: Called Strike
0-2: Ball
1-2: Strikes out looking
Batting: RHB Jose Diaz 0-0: Called Strike
0-1: Ball
1-1: Foul Ball, location: 2F
1-2: Ball
2-2: Fly out, F8 (Flyball, 8LD, EV 83.8 MPH)
Batting: RHB Dave Nickerson 0-0: Called Strike
0-1: Fly out, F6 (Popup, 6D, EV 54.4 MPH)
Top of the 8th over - 0 runs, 0 hits, 0 errors, 0 left on base; Pawtucket 0 - Salt Lake 0
BOTTOM OF THE 8TH
Salt Lake Bees batting - Pitching for Pawtucket Red Sox : RHP Mike Schroeder
Batting: RHB Eric Davis 0-0: Ball
1-0: SINGLE (Line Drive, 7S, EV 99.4 MPH)
Batting: RHB Jonathan Ellis 0-0: Swinging Strike
0-1: Ball
1-1: Bunted foul
1-2: Fielders Choice at 2nd, 6-4 (Groundball, 6, EV 82.5 MPH)
Batting: RHB Juan Rosa 0-0: Called Strike
0-1: Ball
1-1: Swinging Strike
1-2: SINGLE (Line Drive, 89S, EV 88.8 MPH)
Jonathan Ellis to second
Runner from 2nd tries for 3rd, SAFE, throw by RF made to third
Batting: RHB Gary Horgan 0-0: Bunted foul
0-1: Bunted foul
0-2: Ball
1-2: Foul Ball, location: 2F
1-2: Grounds into double play, 6-4-3 (Groundball, 6, EV 94.4 MPH)
Bottom of the 8th over - 0 runs, 2 hits, 0 errors, 1 left on base; Pawtucket 0 - Salt Lake 0
TOP OF THE 9TH
Pawtucket Red Sox batting - Pitching for Salt Lake Bees : LHP Nick Yarbrough
Batting: SHB Greg Shaw 0-0: Swinging Strike
0-1: Ball
1-1: Swinging Strike
1-2: Ball
2-2: Foul Ball, location: 2F
2-2: Ball
3-2: Strikes out swinging
Batting: RHB Brandon Perris 0-0: Foul Ball, location: 2F
0-1: Ball
1-1: Ball
2-1: Ball
3-1: Ground out 6-3 (Groundball, 6S, EV 86.9 MPH)
Batting: RHB William Lung 0-0: Called Strike
0-1: Ball
1-1: Swinging Strike
1-2: Strikes out swinging
Top of the 9th over - 0 runs, 0 hits, 0 errors, 0 left on base; Pawtucket 0 - Salt Lake 0
BOTTOM OF THE 9TH
Salt Lake Bees batting - Pitching for Pawtucket Red Sox : RHP Mike Schroeder
Pitching: RHP Aaron Brannon
Batting: SHB Butch Brown 0-0: Ball
1-0: SOLO HOME RUN (Flyball, 9D, EV 91.9 MPH), Distance : 360 ft
Bottom of the 9th over - 1 run, 1 hit, 0 errors, 0 left on base; Pawtucket 0 - Salt Lake 1
Thursday, December 15th , 2022 - OOTP Baseball 23.9 Build 102